 Dungeon Crawl Stone Soup version 0.19.5 (webtiles) character file.

57691 pps the Carver (level 14, -9/90 HPs)
             Began as a Gargoyle Fighter on Mar 28, 2017.
             Was the Champion of the Shining One.
             Killed from afar by a fire dragon (48 damage)
             ... with a blast of flame
             ... summoned by a glowing orange brain
             ... on level 15 of the Dungeon on Mar 31, 2017.
             The game lasted 04:07:10 (23690 turns).

pps the Carver (Gargoyle Fighter)                  Turns: 23690, Time: 04:07:11

Health: -9/90      AC: 31    Str: 22    XL:     14   Next: 87%
Magic:  19/19      EV: 20    Int: -14 (10)God:    the Shining One [******]
Gold:   744        SH: 14    Dex: 23    Spells: 0 memorised, 13 levels left

rFire  . . .     SeeInvis +     k - +1 long sword (elec)
rCold  + + .     Gourm    .     Q - +4 steam dragon scales
rNeg   + + +     Faith    .     c - +0 shield
rPois  ∞         Spirit   .     p - +2 helmet
rElec  +         Reflect  .     (no cloak)
rCorr  .         Harm     .     b - +1 pair of gloves
MR     ++...                    t - +0 pair of boots
Stlth  ++........               B - amulet "Huytweun" {rC++ Regen+ Dex+10 Slay-4}
                                g - ring "Jaugh" {MR+ SInv Stlth+}
                                T - +5 ring of protection

@: slowed, lost intelligence, glowing, very slow
A: big wings, negative energy resistance 1, electricity resistance, strong 1,
unbreathing, petrification resistance, rot immunity, AC +9
a: Fly, Divine Shield, Cleansing Flame, Summon Divine Warrior, Brand Weapon With
Holy Wrath, Renounce Religion


You were on level 15 of the Dungeon.
You worshipped the Shining One.
The Shining One was exalted by your worship.
You were not hungry.

You visited 3 branches of the dungeon, and saw 18 of its levels.
You also visited: Labyrinth.

You collected 1859 gold pieces.
You spent 1115 gold pieces at shops.

Inventory:

Hand Weapons
 h - a +0 hunting sling
 k - a +1 long sword of electrocution (weapon)
 z - the +6 hand axe of Extinguishment {freeze, rPois Dex+4 SInv}
   (You found it on level 12 of the Dungeon)

   It has been specially enchanted to freeze those struck by it, causing extra
   injury to most foes and up to half again as much damage against particularly
   susceptible opponents.
   It can also slow down cold-blooded creatures.
   It affects your dexterity (+4).
   It protects you from poison.
   It lets you see invisible.
Missiles
 j - 484 stones
 L - 17 tomahawks (quivered)
 P - 53 sling bullets
Armour
 b - a +1 pair of gloves (worn)
 c - a +0 shield (worn)
 p - a +2 helmet (worn)
 t - a +0 pair of boots (worn)
 Q - +4 steam dragon scales (worn)
Magical Staves
 y - an uncursed staff of earth {unknown}
 H - a cursed staff of conjuration {unknown}
Rods
 Z - a +1 lightning rod (14/14)
   (You took it off a minotaur in a labyrinth)
Jewellery
 g - the ring "Jaugh" (right hand) {MR+ SInv Stlth+}
   (You bought it in a shop on level 2 of the Orcish Mines)

   [ring of see invisible]

   It affects your resistance to hostile enchantments.
   It lets you see invisible.
   It makes you more stealthy.
 i - the ring "Ycvyl" {Ice MR- Dex+4}
   (You found it on level 6 of the Dungeon)

   [ring of ice]

   It enhances your ice magic.
   It affects your dexterity (+4).
   It makes you vulnerable to fire.
   It protects you from cold.
   It affects your resistance to hostile enchantments.
 B - the amulet "Huytweun" (around neck) {rC++ Regen+ Dex+10 Slay-4}
   (You took it off a minotaur in a labyrinth)

   [amulet of regeneration]

   It affects your dexterity (+10).
   It affects your accuracy and damage with ranged weapons and melee attacks
   (-4).
   It greatly protects you from cold.
   It increases your rate of regeneration.
 I - an uncursed amulet of harm
 T - a +5 ring of protection (left hand)
 U - an uncursed amulet of guardian spirit
 W - an uncursed ring of teleportation
Wands
 a - a wand of teleportation (2/9)
 e - a wand of lightning (5/15)
 m - a wand of iceblast (0/15)
 q - a wand of flame (24/48)
 r - a wand of flame (26/48)
 J - a wand of iceblast (9/15)
 K - a wand of polymorph (17/24)
 O - a wand of flame (23/48)
 S - a wand of iceblast (0/15)
Scrolls
 n - 3 scrolls of fog
 o - 3 scrolls of identify
 s - 3 scrolls of magic mapping
 x - a scroll of random uselessness
 E - 8 scrolls of remove curse
 X - 4 scrolls of teleportation
Potions
 d - 6 potions of might
 l - a potion of cure mutation {unknown}
 u - 6 potions of flight
 v - a potion of haste
 C - 3 potions of mutation
 D - a potion of heal wounds
 G - a potion of curing
 V - a potion of brilliance {unknown}
Books
 w - a book of Callings

   Spells                             Type                      Level
   a - Summon Small Mammal            Summoning                    1
   b - Call Imp                       Summoning                    2
   c - Call Canine Familiar           Summoning                    3
   d - Summon Guardian Golem          Hexes/Summoning              3
   e - Summon Lightning Spire         Summoning/Air                4
   f - Summon Ice Beast               Ice/Summoning                4
Miscellaneous
 A - a box of beasts
 Y - a lamp of fire
Comestibles
 f - 5 bread rations
 F - 9 fruits


   Skills:
 + Level 11.0 Fighting
 + Level 13.5 Long Blades
 + Level 1.0 Axes
 + Level 4.0(4.1) Slings
 + Level 1.0(2.7) Throwing
 + Level 5.7 Armour
 + Level 8.9 Dodging
 + Level 4.7 Stealth
 + Level 12.3 Shields
 * Level 7.5 Evocations


You had 13 spell levels left.
You didn't know any spells.

Dungeon Overview and Level Annotations

Branches:
Dungeon (15/15)            Temple (0/1) D:4            Lair (0/6) D:8
    Orc (2/2) D:10            Elf (1/3) Orc:2        Vaults (0/5) D:14
 Depths: D:15

Altars:
Ashenzari
Cheibriados
Fedhas
Kikubaaqudgha
Nemelex Xobeh
Okawaru
Ru
Yredelemnul
Zin
The Shining One
Beogh

Shops:
D:4 !   D:6 ([:[   D:10 %   D:15 !!=?   Orc:1 %   Orc:2 =*=!*

Annotations:
D:10 exclusion: orange crystal statue
D:11 S_SW
D:12 exclusion: oklob sapling
D:14 4 runed doors


Innate Abilities, Weirdness & Mutations

You are resistant to torment.
Your stone body is resilient. (AC +9)
You are immune to poison.
Your large and strong wings let you fly indefinitely.
You resist negative energy. (rN+)
You are resistant to electric shocks. (rElec)
You can survive without breathing.
You are immune to petrification.
You are immune to rotting.
Your muscles are strong. (Str +2)


Message History

The six-headed hydra closely misses you.
The six-headed hydra bites you but does no damage. x2
The six-headed hydra barely misses you.
The glowing orange brain pulsates.
You resist with almost no effort.
The fire dragon bites you but does no damage.
The fire dragon completely misses you. The fire dragon tramples you.
You hold your ground!
The rakshasa hits you with a long sword!
You're too confused!
You feel better.
The six-headed hydra bites you but does no damage.
The six-headed hydra closely misses you.
The six-headed hydra barely misses you.
You block the six-headed hydra's attack. x3
The glowing orange brain blinks!
The fire dragon breathes flames at you. The blast of flame hits you!
Ouch! That really hurt!
You die...

...#.........#.##'##...#
...'.........#.........#
...'.........#....∩§...#
...#.........#.........#
...###########...G.....#
...............xZG.....#
..............*Qc#######
............G.5QD#
....#####'#..FGD@#
....#.....#....RG######
....#.....#...........#
....#.....'...........#
....#.....#..........#
....#.....#..........#
....#[.##'#..........#
..5.####.............#
..HR...u..........####


You could see a fire dragon, a six-headed hydra, a rakshasa, a tengu warrior, 5
glowing orange brains, a centaur warrior, an unseen horror (invisible), a tengu
conjurer, a bullfrog, a battlesphere, a crimson imp and a hornet zombie.

Vanquished Creatures
  Frances (D:14)
  Kirke (D:13)
  A frost giant (D:13)
  Louise (D:15)
  A deep elf annihilator (D:13)
  Snorg (D:14)
  A minotaur (Lab)
  3 ogre magi
  A hydra (D:14)
  8 vault guards (D:14)
  3 centaur warriors
  An iron troll (D:10)
  An unseen horror (D:13)
  A deep troll (D:10)
  6 hill giants
  Pikel (D:7)
  An orb spider (shapeshifter) (D:13)
  11 ugly things
  A deep elf mage (D:14)
  2 orc sorcerers
  5 cyclopes
  A manticore (D:15)
  Maurice (D:9)
  7 centaur skeletons
  A gargoyle (D:14)
  The ghost of Lucio the Chiller, a novice MfIE of Makhleb (D:5)
  A freezing wraith (D:15)
  2 kobold demonologists
  11 trolls
  A meliai (shapeshifter) (D:15)
  A merfolk (D:10)
  A jumping spider (shapeshifter) (D:13)
  9 two-headed ogres
  A minotaur skeleton (Lab)
  16 slime creatures
  8 hippogriffs
  2 hornets (D:12)
  3 redbacks (Lab)
  4 wyverns
  A hog (D:13)
  4 yaks (D:13)
  2 hungry ghosts
  4 vampire mosquitoes (D:10)
  A steam dragon (D:8)
  2 wargs (Orc:1)
  2 mottled dragons
  A mottled dragon (shapeshifter) (D:13)
  A soldier ant (D:11)
  2 water moccasins
  A black bear (D:6)
  An ice beast (D:12)
  18 orc warriors
  An eye of draining (D:12)
  4 phantoms
  2 necrophages
  A crocodile (D:14)
  33 ogres
  7 centaurs
  A big kobold (D:10)
  Blork the orc (D:5)
  A bullfrog (shapeshifter) (D:15)
  An earth elemental (Lab)
  7 bullfrogs
  3 scorpions
  6 killer bees (D:8)
  5 wights (D:11)
  2 crimson imps
  4 bullfrog zombies
  A howler monkey (D:7)
  A centaur zombie (D:10)
  17 orc priests
  A bullfrog skeleton (D:12)
  9 hounds
  4 jellies
  A gnoll shaman (D:7)
  Jessica (D:3)
  2 iguanas
  Ijyb (D:3)
  14 orc wizards
  11 worker ants
  2 ogre skeletons (Lab)
  3 hound zombies
  A hound skeleton (D:4)
  A howler monkey zombie (D:8)
  Robin (D:3)
  A howler monkey skeleton (D:8)
  19 gnolls
  16 adders
  A river rat (D:8)
  3 shadow imps
  2 adder zombies
  An ooze (D:1)
  An adder skeleton (D:5)
  2 worms
  4 dart slugs
  6 leopard geckos
  76 orcs
  16 bats
  6 giant cockroaches
  16 hobgoblins
  22 jackals
  3 quokkas
  9 ball pythons
  4 frilled lizards
  20 goblins
  2 kobolds
  A leopard gecko zombie (D:5)
  6 rats
550 creatures vanquished.

Vanquished Creatures (others)
  2 humans (D:13)
  A slave (D:7)
  A bullfrog (D:7)
  A crimson imp (D:13)
  An orc wizard (D:7)
  An orc (D:7)
  5 plants (D:12)
12 creatures vanquished.

Grand Total: 562 creatures vanquished

Notes
Turn   | Place    | Note
-------+----------+-------------------------------------------
     0 | D:1      | pps the Gargoyle Fighter began the quest for the Orb.
     0 | D:1      | Reached XP level 1. HP: 14/14 MP: 1/1
   153 | D:1      | Reached XP level 2. HP: 19/19 MP: 2/2
   262 | D:1      | Reached skill level 2 in Long Blades
   262 | D:1      | Reached XP level 3. HP: 21/23 MP: 3/3
   710 | D:2      | Reached XP level 4. HP: 20/29 MP: 4/4
   717 | D:2      | Found a faded altar of an unknown god.
   833 | D:2      | Found a basalt altar of Yredelemnul.
   870 | D:1      | HP: 1/29 [gnoll/club (1)]
   871 | D:1      | Reached XP level 5. HP: 2/33 MP: 5/5
  1291 | D:2      | Reached skill level 1 in Dodging
  1576 | D:2      | Reached skill level 1 in Slings
  1910 | D:2      | Found a shattered altar of Ashenzari.
  1913 | D:2      | Found a glowing golden altar of the Shining One.
  1918 | D:2      | Became a worshipper of the Shining One
  1924 | D:2      | Found an ancient bone altar of Kikubaaqudgha.
  2091 | D:2      | Reached XP level 6. HP: 38/38 MP: 6/6
  2355 | D:3      | Noticed Jessica
  2361 | D:3      | Killed Jessica
  2431 | D:3      | Found a blossoming altar of Fedhas.
  2650 | D:3      | Noticed Robin
  2683 | D:3      | Killed Robin
  2986 | D:3      | Noticed Ijyb
  3006 | D:3      | Killed Ijyb
  3105 | D:3      | Found a glowing silver altar of Zin.
  3210 | D:3      | Found a snail-covered altar of Cheibriados.
  3554 | D:4      | Found a sparkling altar of Nemelex Xobeh.
  3602 | D:4      | Found an iron altar of Okawaru.
  3658 | D:4      | Found a staircase to the Ecumenical Temple.
  3726 | D:4      | Reached * piety under the Shining One
  3836 | D:4      | Reached skill level 3 in Long Blades
  3937 | D:4      | Reached XP level 7. HP: 32/44 MP: 7/7
  4549 | D:4      | Found Yxtiolao's Distillery.
  4558 | D:4      | Bought a potion of curing for 36 gold pieces
  4558 | D:4      | Bought a potion of curing for 36 gold pieces
  4558 | D:4      | Bought a potion of heal wounds for 60 gold pieces
  4634 | D:5      | Entered Level 5 of the Dungeon
  4645 | D:5      | Noticed Blork the orc
  4664 | D:5      | Killed Blork the orc
  4664 | D:5      | Reached skill level 5 in Shields
  4913 | D:5      | Reached skill level 5 in Fighting
  4913 | D:5      | Reached skill level 4 in Long Blades
  5095 | D:5      | Reached XP level 8. HP: 49/49 MP: 8/8
  5328 | D:5      | Noticed Lucio's ghost (novice MfIE)
  5712 | D:6      | Found Voovof's Book Shoppe.
  5738 | D:6      | Found Qiopiol's Armour Emporium.
  5752 | D:6      | Found Ysion's Weapon Shoppe.
  5764 | D:6      | Noticed a wyvern
  5783 | D:6      | HP: 2/49 [wyvern (1)]
  5805 | D:5      | Killed a wyvern
  5805 | D:5      | Reached skill level 5 in Long Blades
  6049 | D:6      | Found Muoll's Antique Armour Shop.
  6166 | D:6      | Got a sparkling golden ring
  6358 | D:5      | Killed Lucio's ghost
  6358 | D:5      | Reached skill level 6 in Long Blades
  6358 | D:5      | Reached skill level 5 in Armour
  6523 | D:6      | Reached skill level 1 in Stealth
  6523 | D:6      | Reached XP level 9. HP: 51/54 MP: 7/9
  6574 | D:6      | Reached ** piety under the Shining One
  6960 | D:7      | Noticed Pikel
  6982 | D:7      | Killed Pikel
  6982 | D:7      | Reached skill level 7 in Long Blades
  7602 | D:7      | Reached skill level 8 in Long Blades
  8017 | D:8      | Reached XP level 10. HP: 54/61 MP: 10/10
  8200 | D:8      | Found a staircase to the Lair.
  8422 | D:8      | Reached *** piety under the Shining One
  8763 | D:8      | Noticed a hill giant
  8776 | D:8      | Killed a hill giant
  9677 | D:9      | Noticed Maurice
  9689 | D:9      | Killed Maurice
  9689 | D:9      | Reached skill level 9 in Long Blades
  9798 | D:9      | Noticed a hill giant
  9821 | D:9      | Killed a hill giant
 10186 | D:10     | Entered Level 10 of the Dungeon
 10314 | D:10     | Reached XP level 11. HP: 56/67 MP: 8/11
 10321 | D:10     | Found a staircase to the Orcish Mines.
 10392 | D:10     | Found a sacrificial altar of Ru.
 10497 | D:10     | Reached skill level 10 in Long Blades
 10852 | D:10     | Found Yclaulid's Food Shop.
 10986 | D:10     | Gained mutation: Your muscles are strong. (Str +2) [a neqoxec]
 11243 | D:10     | Noticed an orange crystal statue
 11243 | D:10     | Reached **** piety under the Shining One
 11925 | D:11     | Reached skill level 5 in Dodging
 12368 | D:11     | Noticed a green ugly thing
 12388 | D:11     | Killed a green ugly thing
 12437 | D:11     | Reached ***** piety under the Shining One
 12620 | D:11     | Noticed a hill giant
 12635 | D:11     | Killed a hill giant
 12829 | D:11     | Identified the ring "Ycvyl" {Ice MR- Dex+4} (You found it on level 6 of the Dungeon)
 13346 | D:6      | Bought a +0 long sword of electrocution for 149 gold pieces
 13924 | Orc:1    | Entered Level 1 of the Orcish Mines
 14255 | Orc:1    | Noticed an orc sorcerer
 14257 | Orc:1    | Found Vaocw's Food Shop.
 14268 | Orc:1    | Killed an orc sorcerer
 14268 | Orc:1    | Reached skill level 11 in Long Blades
 14268 | Orc:1    | Reached skill level 1 in Evocations
 15059 | Orc:2    | Entered Level 2 of the Orcish Mines
 15062 | Orc:2    | Noticed a cyclops
 15066 | Orc:2    | Noticed a hill giant
 15066 | Orc:2    | Noticed a hill giant
 15069 | Orc:2    | Noticed an ogre mage
 15072 | Orc:1    | Reached XP level 12. HP: 75/75 MP: 13/13
 15074 | Orc:2    | Noticed an iron troll
 15254 | Orc:1    | The Shining One protects you from harm!
 15764 | D:10     | Reached skill level 10 in Shields
 15779 | D:10     | Killed an iron troll
 16096 | Orc:2    | Noticed an ogre mage
 16232 | Orc:1    | Paralysed by an ogre mage for 2 turns
 16241 | Orc:1    | Killed an ogre mage
 17363 | Orc:1    | Killed an ogre mage
 17397 | Orc:1    | Reached XP level 13. HP: 79/80 MP: 16/16
 17435 | Orc:2    | Found Nunotorch's Jewellery Shop.
 17436 | Orc:2    | Found Ifut Tosk's Distillery.
 17456 | Orc:2    | Bought a potion of heal wounds for 90 gold pieces
 17456 | Orc:2    | Bought a potion of heal wounds for 90 gold pieces
 17458 | Orc:2    | Found Liokhlete's Assorted Antiques.
 17459 | Orc:2    | Found Tezxam's Jewellery Shoppe.
 17502 | Orc:2    | Paralysed by an orc sorcerer for 5 turns
 17519 | Orc:2    | Paralysed by an orc sorcerer for 5 turns
 17585 | Orc:2    | Noticed an ogre mage
 17595 | Orc:2    | Killed an ogre mage
 17595 | Orc:2    | Reached skill level 12 in Long Blades
 17605 | Orc:2    | Found a staircase to the Elven Halls.
 17623 | Orc:2    | Found a roughly hewn altar of Beogh.
 17637 | Orc:2    | Found Mobbak's Merry Market.
 17818 | Orc:2    | Bought the ring "Jaugh" {MR+ SInv Stlth+} for 456 gold pieces
 17903 | Elf:1    | Entered Level 1 of the Elven Halls
 18186 | D:12     | Reached skill level 5 in Evocations
 18340 | D:12     | Got a jewelled hand axe
 18342 | D:12     | Identified the +6 hand axe of Extinguishment {freeze, rPois Dex+4 SInv} (You found it on level 12 of the Dungeon)
 18753 | D:12     | Reached skill level 1 in Axes
 19028 | D:13     | Noticed Kirke
 19083 | D:13     | Killed Kirke
 19352 | D:13     | Found a labyrinth entrance.
 19389 | Lab      | Entered a labyrinth
 19764 | Lab      | Reached ****** piety under the Shining One
 20456 | Lab      | Noticed a minotaur
 20490 | Lab      | Killed a minotaur
 20634 | Lab      | Got a slimy lead amulet
 20635 | Lab      | Identified the amulet "Huytweun" {rC++ Regen+ Dex+10 Slay-4} (You took it off a minotaur in a labyrinth)
 20642 | Lab      | Got a serpentine lead ring
 20649 | Lab      | Identified the ring "Onaklyi" {Fire rPois Str+4} (You found it in a labyrinth)
 20913 | D:13     | Noticed a deep elf annihilator
 20918 | D:13     | Noticed a frost giant
 20938 | D:13     | Killed a frost giant
 20938 | D:13     | Reached skill level 10 in Fighting
 20958 | D:13     | Killed a deep elf annihilator
 21378 | D:14     | Found a gate to the Vaults.
 21378 | D:14     | Noticed a vault guard
 21378 | D:14     | Noticed a vault guard
 21378 | D:14     | Noticed a vault guard
 21378 | D:14     | Noticed a vault guard
 21378 | D:14     | Noticed a vault guard
 21379 | D:14     | Noticed a vault guard
 21379 | D:14     | Noticed a vault guard
 21408 | D:14     | Killed a vault guard
 21408 | D:14     | Reached skill level 1 in Throwing
 21419 | D:14     | Killed a vault guard
 21426 | D:14     | Killed a vault guard
 21426 | D:14     | Gained mutation: Your large and strong wings let you fly indefinitely. [Gargoyle growth]
 21426 | D:14     | Reached XP level 14. HP: 88/88 MP: 18/18
 21673 | D:14     | Noticed Snorg
 21692 | D:14     | Killed Snorg
 21692 | D:14     | Reached skill level 13 in Long Blades
 21817 | D:14     | Found a huge runed gate.
 21818 | D:14     | Found a huge runed gate.
 21818 | D:14     | Found a huge runed gate.
 21818 | D:14     | Found a huge runed gate.
 22137 | D:14     | Noticed Frances
 22177 | D:14     | Killed Frances
 22984 | D:15     | Entered Level 15 of the Dungeon
 22984 | D:15     | Noticed Louise
 23021 | D:15     | Killed Louise
 23089 | D:15     | Found Cezoov's Jewellery Shoppe.
 23158 | D:15     | Found Itoonak's Magic Scroll Emporium.
 23173 | D:15     | Bought 2 scrolls of identify for 52 gold pieces
 23173 | D:15     | Bought a scroll of identify for 26 gold pieces
 23205 | D:15     | Found Pirphaa's Distillery.
 23290 | D:15     | Found Xuinte Ginn's Distillery.
 23298 | D:15     | Bought a potion of heal wounds for 75 gold pieces
 23298 | D:15     | Bought a potion of curing for 45 gold pieces
 23637 | D:15     | Lost intelligence.
 23690 | D:15     | Killed from afar by a fire dragon

Skill      XL: |  1  2  3  4  5  6  7  8  9 10 11 12 13 14 |
---------------+-------------------------------------------+-----
Long Blades    | 2 3 4 6 8 9 11 12 13 | 13.5
Shields        | 4 5 6 7 8 9 10 11 12 | 12.3
Fighting       | 4 5 6 7 8 9 10 11 | 11.0
Armour         | 4 5 |  5.7
Dodging        | 1 3 4 5 7 8 |  8.9
Slings         | 1 2 3 4 |  4.0
Stealth        | 1 2 3 4 |  4.7
Evocations     | 2 4 6 7 |  7.5
Axes           | 1 |  1.0
Throwing       | 1 |  1.0

Action                   |  1- 3 |  4- 6 |  7- 9 | 10-12 | 13-15 || total
-------------------------+-------+-------+-------+-------+-------++-------
Melee: Long sword        |   106 |   137 |   348 |  1018 |   913 ||  2522
       Hand axe          |       |       |       |       |    20 ||    20
 Fire: Hunting sling     |       |   206 |    29 |       |    25 ||   260
Throw: Tomahawk          |       |       |       |       |     4 ||     4
Evoke: Wand              |       |       |     2 |     2 |     6 ||    10
       Box of beasts     |       |       |       |       |     1 ||     1
  Use: Scroll            |       |       |    10 |     9 |    12 ||    31
       Potion            |       |       |     4 |     1 |     6 ||    11
 Stab: Sleeping          |       |       |       |       |     3 ||     3
       Distracted        |       |       |       |       |     1 ||     1
  Eat: Pizza             |       |     1 |     1 |     1 |       ||     3
       Bread ration      |       |     1 |       |       |     4 ||     5
       Chunk             |       |     4 |       |     3 |       ||     7
       Meat ration       |       |       |     2 |     5 |     1 ||     8
       Beef jerky        |       |       |     2 |       |       ||     2
       Royal jelly       |       |       |     1 |       |       ||     1
       Fruit             |       |       |       |     2 |       ||     2
Armor: Scale mail        |    68 |   141 |   200 |       |       ||   409
       Steam dragon scal |       |       |    47 |   389 |   294 ||   730
Dodge: Dodged            |    40 |    99 |   151 |   547 |   454 ||  1291
Block: Shield            |    79 |   190 |   220 |   587 |   498 ||  1574
       Rpst.: Long sword |    15 |    11 |    49 |   120 |    82 ||   277
